 Dungeon Crawl Stone Soup version 0.29-a0-364-g921d912d32 (webtiles) character file.

Game seed: 14623116806090424526

44 ptdevnull the Bolt Thrower (level 3, 0/21 HPs)
             Began as a Kobold Hunter on Apr 30, 2022.
             Was an Initiate of Dithmenos.
             Killed by nerve-wracking pain
             ... invoked by an orc priest
              (9 damage)
             ... on level 3 of the Dungeon.
             The game lasted 00:03:22 (1344 turns).

ptdevnull the Bolt Thrower (Kobold Hunter)          Turns: 1344, Time: 00:03:22

Health: 0/21       AC:  4    Str:  8    XL:     3   Next: 87%
Magic:  3/3        EV: 14    Int: 10    God:    Dithmenos [......]
Gold:   75         SH:  5    Dex: 20    Spells: 2/2 levels left

rFire   . . .      SeeInvis .   a - +1 hand crossbow
rCold   . . .      Faith    .   (no shield)
rNeg    . . .      Spirit   .   b - +0 leather armour
rPois   .          Reflect  +   e - +0 helmet
rElec   .          Harm     .   (no cloak)
rCorr   .          Rampage  .   (no gloves)
Will    .....                   (no boots)
Stlth   +++.......              h - amulet of reflection
HPRegen 0.07/turn               (no ring)
MPRegen 0.08/turn               (no ring)

@: no status effects
A: small, no large weapons, nightstalker 3
a: Renounce Religion


You were on level 3 of the Dungeon.
You worshipped Dithmenos.
Dithmenos was noncommittal.
You visited 1 branch of the dungeon, and saw 3 of its levels.

You collected 75 gold pieces.

Inventory:

Hand Weapons
 a - a +1 hand crossbow (weapon)
Armour
 b - a +0 leather armour (worn)
 e - a +0 helmet (worn)
Jewellery
 h - an amulet of reflection (around neck)
Scrolls
 c - a scroll of immolation
 n - a scroll of vulnerability {unknown}
Potions
 f - 3 potions of brilliance
 i - a potion of berserk rage {unknown}
 k - a potion of curing


   Skills:
 - Level 2.1 Fighting
 * Level 6.5 Crossbows
 - Level 2.4 Dodging
 + Level 2.9 Stealth


You had 2 spell levels left.
You didn't know any spells.
Your spell library was empty.

Dungeon Overview and Level Annotations

Branches:
Dungeon (3/15)

Altars:
Dithmenos

Portals:
Sewer: D:3


Innate Abilities, Weirdness & Mutations

You are small and have problems with some larger weapons.
You are completely attuned to the shadows.


Message History

You shoot a bolt. The orc shouts!
The bolt hits the orc priest!
The orc priest is heavily wounded.
The adder hisses angrily.
You hear an angry hiss.
An orc comes into view. It is wielding a +0 dagger.
You shoot a bolt. The bolt hits the orc priest.
The orc priest is heavily wounded.
The orc priest mumbles some strange prayers to Beogh against you.
Beogh smites you!
Ouch! That really hurt!
You are too injured to fight recklessly!
Okay, then.
It was a potion of curing.
You feel better.
Okay, then.
You shoot a bolt. The bolt closely misses the orc.
You shoot a bolt.
The bolt hits the orc but does no damage.
You hear the slow rusting of a drain very nearby.
You shoot a bolt. The bolt hits the orc!
You kill the orc!
Dithmenos accepts your kill.
You shoot a bolt. The bolt hits the orc!
You kill the orc!
Dithmenos accepts your kill.
You shoot a bolt. The bolt hits the orc priest.
The orc priest is severely wounded.
The orc priest mumbles some strange prayers to Beogh against you.
Beogh smites you!
Ouch! That really hurt!
You are too injured to fight recklessly!
You are too injured to fight recklessly!
Shoot: a) +1 hand crossbow
Press: ? - help, Q - select action Shift-Dir - straight line, f/p - orc priest
Aim: an orc priest, wielding a +1 trident of flaming (severely wounded, 68% to hit)
You shoot a bolt. The bolt hits the orc priest.
The orc priest is almost dead.
The orc priest mumbles some strange prayers to Beogh against you.
Pain shoots through your body!
You die...

*,,,,,,,,,...!#...#.,,,,,,* **
*,,,,,,,,,...........,,********
*,,,,,,,,,...........,,+,,,,,,,
*,,,,,,,,,...........,,********
*,,,,,,,,,...........,,********
*,,,,,,,,,..........,,,**,,,,,,
*,,,,,,,,,.........,,,,**,,,,,,
*,,,,,,,,,.....##..,*+***,,,,,,
*****,,,...###@#*##,*,* *,,,,,,
*,,....###)# *,*,***,,,,,,
*,,.....##o# **,*,,,,,,,,,,
*,,.....##.###,,,****,,,,,,
***,,............,,,,,,,,,,,,
*,,,,....o#######,,,,,,,,,,,,
*,,,,...#.#BSS≈≈#,,,,,,,,,,,,
*,,,,.....+BB∩≈≈#,,,,,,,,,,,,
****,,,,.,...#≈≈≈≈≈*,,,,,,,,,,,,


You could see an orc priest.

Vanquished Creatures
  An adder (D:2)
  A dart slug (D:1)
  2 orcs (D:3)
  2 bats (D:1)
  2 endoplasms (D:1)
  2 giant cockroaches
  3 goblins (D:1)
  4 hobgoblins
  4 kobolds (D:1)
  4 ball pythons
  2 frilled lizards
  2 rats
29 creatures vanquished.

Notes
Turn   | Place    | Note
-------+----------+-------------------------------------------
     0 | D:1      | ptdevnull the Kobold Hunter began the quest for the Orb.
     0 | D:1      | Reached XP level 1. HP: 12/12 MP: 1/1
   172 | D:1      | Reached XP level 2. HP: 17/17 MP: 2/2
   482 | D:1      | Reached skill level 6 in Crossbows
   499 | D:1      | Reached XP level 3. HP: 14/21 MP: 3/3
   595 | D:1      | Found a faded altar of an unknown god.
  1209 | D:2      | Found a shadowy altar of Dithmenos.
  1219 | D:2      | Became a worshipper of Dithmenos the Shadowed
  1326 | D:3      | Found a glowing drain.
  1344 | D:3      | Killed from afar by an orc priest

Illustrated notes

Levels and vault maps discovered:
D:1:      scummos_arrival_hexagon, layout_loops_cross,
          chequers_ecumenical_altar_grove, minmay_surrounded
D:2:      layout_rooms, basic_altar
D:3:      layout_basic, chequers_temple_overflow_statue_of_worship,
          nicolae_hepliaklqana_hazy_memory, gup_sewer_entry_glass

Skill      XL: |  1  2 |
---------------+-------+-----
Stealth        | 2 |  2.9
Crossbows      | 6 |  6.5
Fighting       | |  2.1
Dodging        | |  2.4

Action                   || total
-------------------------++-------
 Fire: Hand crossbow     ||    78
  Use: Scroll            ||     5
       Potion            ||     1
Armor: Leather armour    ||    11
Dodge: Dodged            ||    22
Block: Other             ||     1

Table legend: (Time is in decaauts)
 A = Elapsed time spent in this place.
 B = Non-inter-level travel time spent in this place.
 C = Inter-level travel time spent in this place.
 D = Time resting spent in this place.
 E = Time spent auto-exploring this place.
 F = Levels seen in this place.
 G = Mean time per level.
                   A        B        C        D        E       F      G
               +--------+--------+--------+--------+--------+-----+--------+
         Total |   1364 |   1313 |     51 |      0 |   1080 |   3 |  454.7 |
       Dungeon |   1364 |   1313 |     51 |      0 |   1080 |   3 |  454.7 |
               +--------+--------+--------+--------+--------+-----+--------+

Top non-repeatable levels by time:
     D:1: 828 daAuts
     D:2: 491 daAuts
     D:3: 44 daAuts
